 Dungeon Crawl Stone Soup version 0.31-a0-640-g39d97e502b (webtiles) character file.

Game seed: 9931307849142059181

132 subawu the Charlatan (level 4, -8/37 HPs)
             Began as a Draconian Artificer on Aug 25, 2023.
             Was a Follower of Okawaru.
             Killed by nerve-wracking pain
             ... invoked by Grinder
              (12 damage)
             ... on level 3 of the Dungeon on Aug 28, 2023.
             The game lasted 00:16:25 (2386 turns).

subawu the Charlatan (Draconian Artificer)          Turns: 2386, Time: 00:16:27

Health: -8/37      AC:  5    Str: 14    XL:     4   Next: 92%
Magic:  4/4        EV: 13    Int: 13    God:    Okawaru [*.....]
Gold:   95         SH:  0    Dex: 18    Spells: 3/3 levels left

rFire   . . .        q - +1 hand axe of Abomination {holy, Dex+6}
rCold   . . .        (no shield)
rNeg    . . .        (body armour unavailable)
rPois   .            (helmet restricted)
rElec   .            (no cloak)
rCorr   .            (no gloves)
SInv    .            (no boots)
Will    .....        (no amulet)
Stlth   ++           (no ring)
HPRegen 0.26/turn    (no ring)
MPRegen 0.09/turn

%: no passive effects
@: no status effects
A: AC +5, unfitting armour, cold-blooded
a: Renounce Religion, Heroism


You were on level 3 of the Dungeon.
You worshipped Okawaru.
Okawaru was aware of your devotion.
You visited 1 branch of the dungeon, and saw 3 of its levels.

You collected 95 gold pieces.

Inventory:

Hand Weapons
 a - a +1 club
 e - a +0 dagger
 q - the +1 hand axe of Abomination (weapon) {holy, Dex+6}
   (You found it on level 2 of the Dungeon)

   Dex+6:     It affects your dexterity (+6).
Missiles
 l - 7 javelins (quivered)
 u - 22 stones
Jewellery
 i - a ring of fire
 r - an amulet of regeneration
Wands
 b - a wand of flame (2)
 c - a wand of charming (14)
 d - a wand of iceblast (4)
Scrolls
 k - a scroll of enchant weapon
 m - 4 scrolls of identify
 t - a scroll of acquirement
Potions
 f - 2 potions of might {unknown}
 g - 2 potions of degeneration {unknown}
 h - a potion of curing {unknown}
 j - 2 potions of heal wounds {unknown}
 n - a potion of resistance {unknown}
 p - a potion of ambrosia {unknown}
 s - a potion of berserk rage {unknown}


   Skills:
 + Level 2.7 Fighting
 + Level 3.0 Dodging
 + Level 2.4 Stealth
 + Level 3.8 Evocations


You had 3 spell levels left.
You didn't know any spells.
Your spell library contained the following spells:

 Spells                   Type           Power      Damage    Failure   Level
 Poisonous Vapours        Pois/Air       0%         N/A       43%         2
 Mephitic Cloud           Conj/Pois/Air  0%         N/A       67%         3
 Freezing Cloud           Conj/Ice/Air   0%         6-21      100%        5


Dungeon Overview and Level Annotations

Branches:
Dungeon (3/15)

Altars:
Okawaru

Shops:
D:2 :

Annotations:
D:3 Grinder


Innate Abilities, Weirdness & Mutations

Your plain brown scales are hard. (AC +5)
You cannot fit into any form of body armour.
You are cold-blooded and may be slowed by cold attacks.


Message History

Grinder closely misses you.
You closely miss Grinder.
Grinder is moderately wounded.
Grinder hits you.
You writhe in agony.
You closely miss Grinder. Your punch misses Grinder.
Grinder is moderately wounded.
Grinder gestures at you.
You suddenly lose the ability to move!
Grinder hits you.
You writhe in agony.
* * * LOW HITPOINT WARNING * * *
Grinder hits you.
* * * LOW HITPOINT WARNING * * *
You writhe in agony.
* * * LOW HITPOINT WARNING * * *
Grinder gestures at you. You resist with significant effort.
An orc comes into view. It is wielding a +0 flail.
Grinder rolls her eyes.
Grinder blinks!
You can move again.
As you read the scroll labelled JEMMABLIWE, it crumbles to dust.
It is a scroll of enchant weapon.
Your +0 club glows red for a moment.
As you read the scroll labelled IDOWOC TEKHO, it crumbles to dust.
It is a scroll of identify.
t - a scroll of acquirement
As you read the scroll labelled XAIMISEIHU, it crumbles to dust.
Wisps of shadow whirl around you...
The shadows disperse without effect.
It was a scroll of summoning.
Grinder attacks as she pursues you! Grinder hits you but does no damage.
You barely miss Grinder.
Grinder is moderately wounded.
Grinder blinks!
You barely miss Grinder.
You tail-slap Grinder, but do no damage.
Grinder is moderately wounded.
You hit the orc. The orc misses you. Grinder gestures at you.
Pain shoots through your body!
You die...
Grinder says, "Now the real fun starts!"

#...####.#.#
###.#.#....#.#
.....#.####.# #...#.#
##.##
#########...#.###...#
.#.....)(..........#.# #.
.........##.##.###...# #.
.#.#(.................##.
#......o@..<....#####.# .
.#.#....5##.##..# )# . #
#.....##.##......... .
########.###.#####.## ..#
.# .# .. .# ..


You could see Grinder and an orc.

Vanquished Creatures
  A hound (D:2)
  5 adders
  A worm (D:2)
  2 dart slugs (D:1)
  5 bats
  7 endoplasms
  2 giant cockroaches
  5 goblins
  2 hobgoblins (D:2)
  2 quokkas
  4 ball pythons (D:1)
  A frilled lizard (D:1)
  8 kobolds
  4 rats
49 creatures vanquished.

Vanquished Creatures (others)
  A bat (D:1)
1 creature vanquished.

Grand Total: 50 creatures vanquished

Notes
Turn   | Place    | Note
-------+----------+-------------------------------------------
     0 | D:1      | subawu the Draconian Artificer began the quest for the Orb.
     0 | D:1      | Reached XP level 1. HP: 16/16 MP: 1/1
    15 | D:1      | Reached skill level 1 in Stealth
    27 | D:1      | Reached XP level 2. HP: 19/23 MP: 2/2
   471 | D:1      | Reached XP level 3. HP: 29/29 MP: 3/3
   501 | D:1      | Found a faded altar of an unknown god.
   509 | D:1      | Prayed at the altar of an unknown god.
   509 | D:1      | Became a worshipper of Warmaster Okawaru
   509 | D:1      | Reached * piety under Okawaru
  1168 | D:2      | Upgraded the game from 0.31-a0-631-g285b096dc4 to
                  | 0.31-a0-640-g39d97e502b
  1258 | D:2      | Identified the +1 hand axe of Abomination {holy, Dex+6}
  1312 | D:2      | Found Horrykh's Book Emporium.
  1347 | D:2      | Reached XP level 4. HP: 26/37 MP: 4/4
  2359 | D:3      | Noticed Grinder
  2361 | D:3      | Paralysed by Grinder for 2 turns
  2376 | D:3      | Paralysed by Grinder for 4 turns
  2377 | D:3      | HP: 1/37 [Grinder (4)]
  2381 | D:3      | Identified a scroll of acquirement
  2386 | D:3      | Killed from afar by Grinder

Illustrated notes

Levels and vault maps discovered:
D:1:      amcnicky_arrival_blooded_trapdoor, layout_rooms,
          chequers_ecumenical_altar_lobes
D:2:      layout_loops_ring, serial_shops, nicolae_shop_tiny_real_fake_doors
D:3:      layout_loops_ring, minmay_ruptured, uniq_grinder

Skill      XL: |  1  2  3  4 |
---------------+-------------+-----
Stealth        | 1 2 |  2.4
Fighting       | 2 |  2.7
Dodging        | 3 |  3.0
Evocations     | |  3.8

Action                     |  1- 3 |  4- 6 || total
---------------------------+-------+-------++-------
  Melee: Club              |   101 |       ||   101
         Tailslap          |    12 |     8 ||    20
         Hand axe          |    16 |    67 ||    83
         Punch             |     2 |     1 ||     3
  Throw: Javelin           |     2 |       ||     2
  Evoke: Wand              |    13 |     2 ||    15
    Use: Scroll            |       |     3 ||     3
   Stab: Distracted        |       |     2 ||     2
         Sleeping          |       |     1 ||     1
 Armour: Skin              |    96 |    26 ||   122
  Dodge: Dodged            |   130 |    56 ||   186

Table legend: (Time is in decaauts)
 A = Elapsed time spent in this place.
 B = Non-inter-level travel time spent in this place.
 C = Inter-level travel time spent in this place.
 D = Time resting spent in this place.
 E = Time spent auto-exploring this place.
 F = Levels seen in this place.
 G = Mean time per level.
                   A        B        C        D        E       F      G
               +--------+--------+--------+--------+--------+-----+--------+
         Total |   2440 |   2284 |    156 |    394 |    498 |   3 |  813.3 |
       Dungeon |   2440 |   2284 |    156 |    394 |    498 |   3 |  813.3 |
               +--------+--------+--------+--------+--------+-----+--------+

Top non-repeatable levels by time:
     D:2: 1125 daAuts
     D:1: 892 daAuts
     D:3: 422 daAuts
